 Dungeon Crawl Stone Soup version 0.16-a0-1120-gd281f79 (webtiles) character file.

28 Ololoev the Slasher (level 2, 0/24 HPs)
             Began as a Centaur Gladiator on Oct 6, 2014.
             Succumbed to an adder's poison
             ... on level 2 of the Dungeon.
             The game lasted 00:02:11 (1055 turns).

Ololoev the Slasher (Centaur Gladiator)             Turns: 1055, Time: 00:02:11

Health: 0/24       AC:  4    Str: 17    XL:     2   Next: 96%
Magic:  2/2        EV: 10    Int:  7    God:
Gold:   88         SH:  0    Dex:  9    Spells: 0 memorised, 1 level left

rFire  + . .     SeeInvis .     a - +0 long sword
rCold  + . .     Clarity  .     p - +0 robe (curse)
rNeg   . . .     SustAb   .     (no shield)
rPois  +         Gourm    .     (no helmet)
rElec  +         Spirit   .     (no cloak)
rCorr  +         Warding  .     (no gloves)
rMut   .         Stasis   .     (no barding)
MR     .....                    (no amulet)
Stlth  +.........               (no ring)
                                g - cursed ring of flight

@: lethally poisoned, resistant, flying, very slightly contaminated, invisible,
very quick, not resistant to hostile enchantments, very unstealthy
A: hooves 3, deformed body, speed 2, slow healing 1, spit poison 1, tough skin 3
a: Spit Poison


You were on level 2 of the Dungeon.
You were not hungry.

You visited 1 branch of the dungeon, and saw 2 of its levels.

You collected 88 gold pieces.

Inventory:

Hand weapons
 a - a +0 long sword (weapon)
Missiles
 d - 4 throwing nets (quivered)
 m - 11 arrows of flame
 n - 63 arrows
Armour
 c - a +0 helmet
 p - a cursed +0 robe (worn)
Comestibles
 f - 3 bread rations
Scrolls
 k - a scroll of magic mapping {unknown}
 l - 4 scrolls of identify {unknown}
Jewellery
 g - a cursed ring of flight (left hand)
Potions
 j - a potion of flight


   Skills:
 - Level 2.0 Fighting
 + Level 3.8 Long Blades
 - Level 2.6 Throwing
 - Level 2.1 Dodging


You had one spell level left.
You didn't know any spells.

Dungeon Overview and Level Annotations

Branches:
Dungeon (2/15)

Altars:


Innate Abilities, Weirdness & Mutations

You have hooves in place of feet.
Armour fits poorly on your strangely shaped body.
You cover ground very quickly.
You have extremely tough skin (AC +3).
You heal slowly when monsters are visible.
You can spit poison.


Message History

You see here a scroll labeled MOEBLE SKUOFF.
l - 4 scrolls labeled MOEBLE SKUOFF (gained 1)
Found a stone staircase leading down.
* * * LOW HITPOINT WARNING * * *
You feel sick.
A hobgoblin comes into view.
The hobgoblin shouts!
An adder comes into view.
The adder moves out of view.
* * * LOW HITPOINT WARNING * * *
You feel sick.
* * * LOW HITPOINT WARNING * * *
You feel sick.
You hit the hobgoblin.
You kick the hobgoblin, but do no damage.
The hobgoblin is moderately wounded.
The hobgoblin misses you.
You slash the hobgoblin!
You kill the hobgoblin!
You die...

...###.##............#
#..# #.####..........#
#..###.####..........#
#....................#
#..###.####..........#
##.###<# ##.........##
......#.............#
###.#.#.###.#....%..+
#.....#.......@...#
##.##.............#
#..#.............#
##.#......##########
#........# #.....#
##.#.....# #.....#
#.###...# #.....#
#.......# #.....#
##..#..## #.....#


There were no monsters in sight!

Vanquished Creatures
  An adder (D:2)
  2 giant geckos (D:1)
  2 giant cockroaches (D:1)
  3 hobgoblins (D:2)
  A bat (D:1)
  A giant newt (D:1)
  3 goblins
  2 kobolds (D:1)
  3 rats
18 creatures vanquished.

Notes
Turn   | Place    | Note
--------------------------------------------------------------
     0 | D:1      | Ololoev, the Centaur Gladiator, began the quest for the Orb.
     0 | D:1      | Reached XP level 1. HP: 17/17 MP: 1/1
   223 | D:1      | Reached skill level 3 in Long Blades
   287 | D:1      | Reached XP level 2. HP: 15/24 MP: 2/2
  1027 | D:2      | Gained mutation: You have a pair of small horns on your head. [potion of mutation]
  1027 | D:2      | Lost mutation: You have a pair of small horns on your head. [potion of mutation]
  1027 | D:2      | Gained mutation: You are weak. (Str -2) [potion of mutation]
  1031 | D:2      | Lost mutation: You are weak. (Str -2) [potion of mutation]
  1031 | D:2      | Gained mutation: You heal slowly when monsters are visible. [potion of mutation]
  1031 | D:2      | Gained mutation: You can spit poison. [potion of mutation]
  1050 | D:2      | HP: 1/24 [poisoned by an adder]
  1055 | D:2      | Succumbed to an adder's poison

Action                   || total
-------------------------++-------
Melee: Long sword        ||    55
  Use: Potion            ||     6
